 Dungeon Crawl Stone Soup version 0.30-a0-358-g0d69a1922f (webtiles) character file.

Game seed: 14366982184706865187

202 Nerdsrcool the Magician (level 5, 23/30 HPs)
             Began as a Tengu Hedge Wizard on Oct 11, 2022.
             Quit the game on level 4 of the Dungeon on Nov 8, 2022.
             The game lasted 00:33:09 (3052 turns).

Nerdsrcool the Magician (Tengu Hedge Wizard)        Turns: 3052, Time: 00:33:09

Health: 23/30      AC:  8    Str: 10    XL:     5   Next: 80%
Magic:  10/11      EV: 10    Int: 20    God:
Gold:   143        SH:  0    Dex: 12    Spells: 9/12 levels left

rFire   + + .      SeeInvis .    p - staff of conjuration
rCold   + . .      Faith    .    (no shield)
rNeg    + . .      Spirit   .    b - +1 scale mail {rN+}
rPois   .          Reflect  .    c - +0 hat
rElec   .          Harm     .    e - scarf {rC+ rF+}
rCorr   .          Rampage  .    n - +0 pair of gloves
Will    .....                    (boots unavailable)
Stlth   +.........               j - amulet of magic regeneration
HPRegen 0.25/turn                r - ring of wizardry
MPRegen 0.52/turn                a - ring of protection from fire

@: flying quickly and evasively, very slightly contaminated, quick
A: beak, talons 3, nimble flight, clever 1, low MP 1, sense surroundings 1,
robust 1
a: no special abilities


You were on level 4 of the Dungeon.
You visited 1 branch of the dungeon, and saw 4 of its levels.

You collected 143 gold pieces.

Inventory:

Hand Weapons
 t - a +3 dagger
Missiles
 f - 36 stones
 m - 2 boomerangs
 o - 4 poisoned darts
 y - 3 javelins
Armour
 b - a +1 scale mail of positive energy (worn)
 c - a +0 hat (worn)
 e - a scarf of resistance (worn)
 n - a +0 pair of gloves (worn)
Magical Staves
 p - a staff of conjuration (weapon)
Jewellery
 a - a ring of protection from fire (right hand)
 i - a ring of wizardry
 j - an amulet of magic regeneration (around neck)
 r - a ring of wizardry (left hand)
Wands
 q - a wand of flame (16)
Scrolls
 l - a scroll of amnesia {unknown}
 w - a scroll of poison
Potions
 d - 3 potions of magic
 g - a potion of berserk rage {unknown}
 h - a potion of haste {unknown}
 u - a potion of flight


   Skills:
 + Level 0.5 Fighting
 + Level 0.6 Short Blades
 + Level 0.6 Axes
 + Level 0.9 Throwing
 + Level 1.4 Armour
 + Level 2.8 Dodging
 + Level 2.8 Stealth
 + Level 4.1 Spellcasting
 + Level 3.1 Conjurations
 + Level 1.2 Summonings
 + Level 1.0 Translocations


You had 9 spell levels left.
You knew the following spells:

 Your Spells              Type           Power      Damage    Failure   Level
a - Magic Dart            Conj           100%       1d8       10%         1
b - Blink                 Tloc           16%        N/A       32%         2

Your spell library contained the following spells:

 Spells                   Type           Power      Damage    Failure   Level
 Call Imp                 Summ           9%         N/A       30%         2
 Slow                     Hex            16%        N/A       32%         1
 Cigotuvi's Dreadful Rot  Necr/Pois/Air  8%         N/A       45%         2
 Dazzling Flash           Conj/Hex       30%        N/A       45%         3
 Mephitic Cloud           Conj/Pois/Air  12%        N/A       52%         3
 Iskenderun's Mystic Bla  Conj/Tloc      18%        2d6       78%         4
 Starburst                Conj/Fire      7%         6d4       100%        6


Dungeon Overview and Level Annotations

Branches:
Dungeon (4/15)
 Temple: D:4-7

Altars:


Innate Abilities, Weirdness & Mutations

You have a beak for a mouth.
You have claws for feet.
Your magical nature lets you fly swiftly and evasively.
Your mind is acute. (Int +4, Str/Dex -1)
Your magical capacity is low. (-10% MP)
You passively map a small area around you.
You are robust. (+10% HP)


Message History

The iguana is lightly wounded.
The iguana bites you!
You barely miss the iguana.
The iguana is lightly wounded.
The endoplasm freezes you.
You are frozen.
You resist. The iguana bites you! The endoplasm freezes you.
You are frozen.
You resist.
The iguana bites you but does no damage.
Okay, then.
Sorry, you're not good enough to have a special ability.
You are too injured to fight recklessly!
Casting: Blink (quite dangerous; 32% risk of failure)
Press: ? - help, Q - select action, (/) - cycle Dir - look around, f - activate You miscast Blink.
Nothing appears to happen.
The endoplasm barely misses you. The iguana bites you.
* * * LOW HITPOINT WARNING * * *
You feel much better. The endoplasm freezes you.
You are frozen.
You resist.
The iguana hisses menacingly.
The iguana bites you but does no damage.
Okay, then.
Really read the scroll of poison?
Okay, then.
There are monsters nearby!
Read: 2 scrolls of poison
Press: ? - help, Q - select action, (/) - cycle Dir - look around, f - activate The air fills with toxic fumes!
As you read the scroll of poison, it crumbles to dust.
The endoplasm freezes you.
You are frozen.
You resist. The iguana bites you.
Unknown command.
Unknown command.
Welcome back, Nerdsrcool the Tengu Hedge Wizard.
Press ? for a list of commands and other information.
Saving game... please wait.
Welcome back, Nerdsrcool the Tengu Hedge Wizard.
Press ? for a list of commands and other information.
Are you sure you want to abandon this character and quit the game? (Confirm with "yes".)

#..# #.....##### , *
#..## ##...### *# * ##<.#
#...## * .# , #)..###.§##
,§# ....#...§§### §§#
.........§§§§### #§§####
,
##.......#§§§§§###§§§§§§.
###.....###§§§§§J§§§§§§.,
* , #......#
##§§§@l##..... ,
#......§§§§§§§§## * ... ,
*#.......§§§§§§§## , . ,
....##..§§§§§§§.# ,
..##*#..#§§§§§§.. ,, ,, .
#§§§§§§... * * * ,
#§§§§§§... * * #§§§§§§ ,
, ** ,


You could see an iguana and an endoplasm.

Vanquished Creatures
  Terence (D:1)
  2 orc wizards (D:3)
  7 adders
  2 worms (D:2)
  2 dart slugs (D:2)
  4 orcs (D:3)
  3 bats
  8 endoplasms
  2 giant cockroaches
  3 goblins
  6 hobgoblins
  2 quokkas
  5 ball pythons
  5 frilled lizards
  4 kobolds
  3 rats
59 creatures vanquished.

Vanquished Creatures (others)
  4 fungi (D:1)
  4 plants (D:1)
8 creatures vanquished.

Grand Total: 67 creatures vanquished

Notes
Turn   | Place    | Note
-------+----------+-------------------------------------------
     0 | D:1      | Nerdsrcool the Tengu Hedge Wizard began the quest for the
                  | Orb.
     0 | D:1      | Reached XP level 1. HP: 10/10 MP: 5/5
   277 | D:1      | Reached XP level 2. HP: 15/15 MP: 4/7
   785 | D:1      | Found a faded altar of an unknown god.
   987 | D:2      | Reached XP level 3. HP: 19/19 MP: 9/9
  1067 | D:2      | Learned a level 2 spell: Blink
  1278 | D:2      | Gained mutation: Your spells are a little harder to cast,
                  | but a little more powerful. [potion of mutation]
  1278 | D:2      | Gained mutation: Your spells are harder to cast, but more
                  | powerful. [potion of mutation]
  1278 | D:2      | Gained mutation: Your muscles are strong. (Str +4, Int/Dex
                  | -1) [potion of mutation]
  1279 | D:2      | Lost mutation: Your spells are harder to cast, but more
                  | powerful. [potion of mutation]
  1279 | D:2      | Lost mutation: Your muscles are strong. (Str +4, Int/Dex
                  | -1) [potion of mutation]
  1279 | D:2      | Lost mutation: Your spells are a little harder to cast, but
                  | a little more powerful. [potion of mutation]
  1279 | D:2      | Gained mutation: Your mind is acute. (Int +4, Str/Dex -1)
                  | [potion of mutation]
  1279 | D:2      | Gained mutation: Your magical capacity is low. (-10% MP)
                  | [potion of mutation]
  1279 | D:2      | Gained mutation: You are robust. (+10% HP) [potion of
                  | mutation]
  1279 | D:2      | Gained mutation: You passively map a small area around you.
                  | [potion of mutation]
  1420 | D:2      | Reached XP level 4. HP: 26/26 MP: 5/9
  1795 | D:2      | Noticed Terence
  1885 | D:1      | Killed Terence
  2496 | D:3      | Gained mutation: Your magical nature lets you fly swiftly
                  | and evasively. [Tengu growth]
  2496 | D:3      | Reached XP level 5. HP: 30/30 MP: 8/10
  2499 | D:3      | Upgraded the game from 0.30-a0-242-g7bf8e6d787 to
                  | 0.30-a0-250-g41c1d76940
  2549 | D:3      | Reached skill level 1 in Armour
  2549 | D:3      | Reached skill level 4 in Spellcasting
  2682 | D:3      | Reached skill level 1 in Translocations
  3052 | D:4      | Upgraded the game from 0.30-a0-250-g41c1d76940 to
                  | 0.30-a0-358-g0d69a1922f
  3052 | D:4      | Quit the game

Illustrated notes

Levels and vault maps discovered:
D:1:      roderic_dead_forest, layout_loops_ring,
          dreamdust_ecumenical_altar_hidden_monk_grotto
D:2:      layout_basic, serial_rivers, chequers_serial_rivers_micro_d,
          chequers_serial_rivers_micro_c, chequers_serial_rivers_micro_c,
          chequers_serial_rivers_large_a, chequers_serial_rivers_micro_c,
          chequers_serial_rivers_micro_c, guppyfry_early_lair_pool, uniq_terence
D:3:      layout_rooms, grunt_decor_fettered
D:4:      layout_layer_cave

Skill      XL: |  1  2  3  4  5 |
---------------+----------------+-----
Conjurations   | 2 3 |  3.1
Armour         | 1 |  1.4
Spellcasting   | 4 |  4.1
Translocations | 1 |  1.0
Fighting       | |  0.5
Short Blades   | |  0.6
Axes           | |  0.6
Throwing       | |  0.9
Dodging        | |  2.8
Stealth        | |  2.8
Summonings     | |  1.2

Action                   |  1- 3 |  4- 6 || total
-------------------------+-------+-------++-------
Melee: Dagger            |    56 |    41 ||    97
       Kick              |    29 |     4 ||    33
       Peck              |    17 |     3 ||    20
       War axe           |     6 |       ||     6
       Punch             |     2 |     1 ||     3
       Staff             |       |     3 ||     3
Throw: Stone             |     5 |       ||     5
       Javelin           |       |     5 ||     5
       Dart              |       |     3 ||     3
 Cast: Magic Dart        |    67 |    69 ||   136
       Blink             |       |     3 ||     3
  Use: Potion            |     4 |     2 ||     6
       Scroll            |       |     5 ||     5
Armor: Robe              |     3 |       ||     3
       Leather armour    |     6 |       ||     6
       Ring mail         |     1 |     3 ||     4
       Scale mail        |       |    23 ||    23
Dodge: Dodged            |    21 |    36 ||    57

Table legend: (Time is in decaauts)
 A = Elapsed time spent in this place.
 B = Non-inter-level travel time spent in this place.
 C = Inter-level travel time spent in this place.
 D = Time resting spent in this place.
 E = Time spent auto-exploring this place.
 F = Levels seen in this place.
 G = Mean time per level.
                   A        B        C        D        E       F      G
               +--------+--------+--------+--------+--------+-----+--------+
         Total |   3022 |   3000 |     22 |    100 |   1571 |   4 |  755.5 |
       Dungeon |   3022 |   3000 |     22 |    100 |   1571 |   4 |  755.5 |
               +--------+--------+--------+--------+--------+-----+--------+

Top non-repeatable levels by time:
     D:2: 1375 daAuts
     D:1: 1007 daAuts
     D:3: 585 daAuts
     D:4: 53 daAuts
